 Dungeon Crawl Stone Soup version 0.27-a0-1140-g099f9bb0e8 (webtiles) character file.

Game seed: 18393911482716909792

140 dickylongcocking the Twirler (level 5, 0/40 HPs)
             Began as a Djinni Gladiator on May 8, 2021.
             Splashed by Ijyb's acid (4 damage)
             ... on level 4 of the Dungeon.
             The game lasted 00:02:25 (3163 turns).

dickylongcocking the Twirler (Djinni Gladiator)     Turns: 3163, Time: 00:02:25

Health: 0/40       AC:  3    Str: 13    XL:     5   Next: 23%
Gold:   162        EV: 12    Int: 10    God:
                   SH:  0    Dex: 15

rFire    + + .     SeeInvis .   a - +0 quarterstaff
rCold    x . .     Faith    .   (shield currently unavailable)
rNeg     . . .     Spirit   .   f - +0 acid dragon scales
rPois    ∞         Reflect  .   k - +0 helmet
rElec    .         Harm     .   (no cloak)
rCorr    +         Rampage  .   (no gloves)
Will     .....                  (boots unavailable)
Stlth    +.........             (no amulet)
HPRegen  0.13/turn              (no ring)
MPRegen  0.00/turn              (no ring)

@: corroded, flying
A: sickness immunity, fire resistance 2, cold vulnerability 1, float, innate
caster, hp casting, extra vitality 1
a: no special abilities


You were on level 4 of the Dungeon.
You visited 1 branch of the dungeon, and saw 4 of its levels.

You collected 162 gold pieces.

Inventory:

Hand Weapons
 a - a +0 quarterstaff (weapon)
Armour
 b - a +0 leather armour
 c - a +0 helmet
 f - +0 acid dragon scales (worn)
 k - a +0 helmet (worn)
Jewellery
 j - an amulet of magic regeneration
Scrolls
 g - a scroll of enchant weapon {unknown}
 i - a scroll of fog {unknown}
 l - a scroll of amnesia {unknown}
 n - a scroll of identify {unknown}
Potions
 e - a potion of heal wounds {unknown}
 h - a potion of resistance {unknown}


   Skills:
 + Level 2.9 Fighting
 * Level 3.8 Staves
 - Level 1.5 Throwing
 * Level 1.6 Armour
 + Level 3.6 Dodging
 * Level 1.3 Spellcasting


You had 3 spell levels left.
You knew the following spells:

 Your Spells              Type           Power      Damage    Failure   Level
a - Foxfire               Conj/Fire      12%        2x1d4     28%         1
b - Blink                 Tloc           N/A        N/A       41%         2
Your spell library was empty.

Dungeon Overview and Level Annotations

Branches:
Dungeon (4/15)
 Temple: D:4-7

Altars:
Dithmenos

Annotations:
D:4 Dowan, Duvessa, Ijyb


Innate Abilities, Weirdness & Mutations

You are immune to sickness and miasma.
You are immune to poison.
Your flesh is very heat resistant. (rF++)
You are vulnerable to cold. (rC-)
You float through the air rather than walking.
You learn spells naturally, not from books.
Your magical power is your life essence.
You have superior vitality. (+4 HP)


Message History

You hear an angry hiss.
A ball python comes into view.
Ijyb zaps a wand.
The bolt of acid hits you. You resist.
You are splashed with acid.
You resist.
You hit Ijyb.
Ijyb is lightly wounded.
Ijyb screams, "I dance on your bones!" Ijyb hits you with a +0 club.
Dowan, Brother of Duvessa comes into view.
He is wielding a +0 dagger.
Ijyb screams, "It's all mine!"
Ijyb zaps a wand.
The bolt of acid hits you! You resist.
* * * LOW HITPOINT WARNING * * *
You are splashed with acid.
You resist.
* * * LOW HITPOINT WARNING * * *
Okay, then.
Okay, then.
It was a potion of curing.
You feel better. Ijyb closely misses you.
You feel better.
Dowan casts a spell.
Dowan blinks!
Ijyb zaps a wand.
The bolt of acid hits you! You resist.
* * * LOW HITPOINT WARNING * * *
You are splashed with acid.
You resist.
* * * LOW HITPOINT WARNING * * *
Unknown command.
Throw: 2 throwing nets
Press: ? - help, Q - select action, (/) - cycle Shift-Dir - straight line, f - Ijyb
Aim: Ijyb, wielding a +0 club, wearing a +0 leather armour and carrying a wand of acid (4) (lightly wounded, 51% to hit)
You throw a throwing net. The throwing net closely misses Ijyb.
The throwing net completely misses Duvessa.
Unknown command.
Throw: throwing net
Press: ? - help, Q - select action, (/) - cycle Shift-Dir - straight line, f/p - Ijyb
Aim: Ijyb, wielding a +0 club, wearing a +0 leather armour and carrying a wand of acid (4) (lightly wounded, 51% to hit)
You throw a throwing net. The throwing net hits Ijyb.
Ijyb is caught in the net!
Ijyb is lightly wounded.
Ijyb zaps a wand.
The bolt of acid hits you. You resist.
* * * LOW HITPOINT WARNING * * *
You are splashed with acid.
You resist.
You die...

...... .# ..... .
....##. ...(.
..§... Se#.#.#
#g#.#.# ##
#@#.#.#
...####.#.#.#
#.......#.#.#####
..........#......
#............##
#...#####.....#
#### #.#.#.###
#.#..<..#
#....##.#


You could see Duvessa, Ijyb (caught) and a ball python.

Vanquished Creatures
  A water moccasin skeleton (D:3)
  Robin (D:2)
  2 worms
  2 orcs (D:3)
  6 ball pythons
  5 endoplasms
  4 giant cockroaches
  16 goblins
  6 hobgoblins
  6 jackals
  3 kobolds
  A quokka (D:2)
  5 bats
  A frilled lizard (D:2)
  5 rats
64 creatures vanquished.

Vanquished Creatures (others)
  18 foxfires (D:2)
18 creatures vanquished.

Grand Total: 82 creatures vanquished

Notes
Turn   | Place    | Note
-------+----------+-------------------------------------------
     0 | D:1      | dickylongcocking the Djinni Gladiator began the quest for
                  | the Orb.
     0 | D:1      | Reached XP level 1. HP: 18/18 MP: 0/0
   238 | D:1      | Reached XP level 2. HP: 21/23 MP: 0/0
   492 | D:1      | Found a faded altar of an unknown god.
  1090 | D:2      | Reached XP level 3. HP: 16/29 MP: 0/0
  1090 | D:2      | Learned a level 1 spell: Foxfire
  1643 | D:2      | Noticed Robin
  1950 | D:2      | Killed Robin
  1951 | D:2      | Reached skill level 1 in Armour
  1951 | D:2      | Reached XP level 4. HP: 20/34 MP: 0/0
  2528 | D:3      | Reached skill level 1 in Spellcasting
  2528 | D:3      | Reached XP level 5. HP: 38/40 MP: 0/0
  2528 | D:3      | Learned a level 2 spell: Blink
  2819 | D:3      | Found a shadowy altar of Dithmenos.
  3154 | D:4      | Noticed Ijyb
  3156 | D:4      | Noticed Duvessa
  3159 | D:4      | Noticed Dowan
  3163 | D:4      | Splashed by Ijyb's acid

Illustrated notes

Levels and vault maps discovered:
D:1:      dpeg_arrival_court, layout_loops_cross,
          shapermc_ecumenical_altar_mp_vishouse, minmay_misc_feat_x
D:2:      layout_basic, uniq_robin
D:3:      layout_loops_cross, nicolae_dithmenos_the_darkroom
D:4:      layout_loops_ring, gammafunk_temple_overflow_claw, uniq_pikel,
          uniq_duvessa, uniq_crazy_yiuf_cottage, uniq_ijyb

Skill      XL: |  1  2  3  4 |
---------------+-------------+-----
Staves         | 3 |  3.8
Armour         | 1 |  1.6
Spellcasting   | 1 |  1.3
Fighting       | |  2.9
Throwing       | |  1.5
Dodging        | |  3.6

Action                   |  1- 3 |  4- 6 || total
-------------------------+-------+-------++-------
Melee: Quarterstaff      |   112 |    87 ||   199
Throw: Throwing net      |     1 |     2 ||     3
 Cast: Foxfire           |    13 |       ||    13
  Use: Potion            |       |     2 ||     2
 Stab: Held in net/web   |     2 |       ||     2
Armor: Acid dragon scale |    72 |    26 ||    98
       Leather armour    |     1 |       ||     1
Dodge: Dodged            |   101 |    51 ||   152

Table legend: (Time is in decaauts)
 A = Elapsed time spent in this place.
 B = Non-inter-level travel time spent in this place.
 C = Inter-level travel time spent in this place.
 D = Time resting spent in this place.
 E = Time spent auto-exploring this place.
 F = Levels seen in this place.
 G = Mean time per level.
                   A        B        C        D        E       F      G
               +--------+--------+--------+--------+--------+-----+--------+
         Total |   3188 |   3109 |     79 |     30 |   2563 |   4 |  797.0 |
       Dungeon |   3188 |   3109 |     79 |     30 |   2563 |   4 |  797.0 |
               +--------+--------+--------+--------+--------+-----+--------+

Top non-repeatable levels by time:
     D:2: 1381 daAuts
     D:1: 943 daAuts
     D:3: 847 daAuts
     D:4: 16 daAuts
